 Dungeon Crawl Stone Soup version 0.25.1-2-g60ff931df9 (webtiles) character file.

Game seed: 7493692161355436868

575 growler the Chiller (level 7, -8/52 HPs)
             Began as a Human Ice Elementalist on Oct 21, 2020.
             Was a Follower of Ashenzari.
             Mangled by Menkaure (22 damage)
             ... on level 5 of the Dungeon.
             The game lasted 00:14:24 (5738 turns).

growler the Chiller (Human Ice Elementalist)        Turns: 5738, Time: 00:14:24

Health: -8/52      AC:  7    Str:  8    XL:     7   Next: 61%
Magic:  6/12       EV: 10    Int: 17    God:    Ashenzari [*.....]
Gold:   309        SH:  0    Dex: 14    Spells: 9/13 levels left

rFire    . . .     SeeInvis .   E - +0 dagger (flame)
rCold    . . .     Gourm    .   (no shield)
rNeg     . . .     Faith    .   v - +0 ring mail (curse)
rPois    .         Spirit   .   (no helmet)
rElec    .         Reflect  .   n - +0 cloak
rCorr    .         Harm     .   (no gloves)
MR       .....                  m - +0 pair of boots
Stlth    +.........             C - amulet of inaccuracy (curse)
HPRegen  0.17/turn              (no ring)
MPRegen  0.13/turn              (no ring)

@: frozen ramparts, very slightly contaminated
A: no striking features
a: Curse Item, Scrying, Renounce Religion


You were on level 5 of the Dungeon.
You worshipped Ashenzari.
Ashenzari was aware of your devotion.
You were not hungry.

You visited 1 branch of the dungeon, and saw 5 of its levels.

You collected 309 gold pieces.

Inventory:

Hand Weapons
 t - a +1 morningstar
   (You took it off Terence on level 3 of the Dungeon)
 E - a +0 dagger of flaming (weapon)
   (You took it off an orc on level 5 of the Dungeon)
Missiles
 A - 44 poisoned darts (quivered)
Armour
 a - a +0 robe
 m - a +0 pair of boots (worn)
   (You found it on level 2 of the Dungeon)
 n - a +0 cloak (worn)
   (You found it on level 2 of the Dungeon)
 v - a cursed +0 ring mail (worn)
   (You took it off a goblin on level 3 of the Dungeon)
 D - a +0 ring mail
   (You found it on level 2 of the Dungeon)
Jewellery
 C - a cursed amulet of inaccuracy (around neck)
   (You found it on level 3 of the Dungeon)
Wands
 x - a wand of acid (8)
   (You found it on level 4 of the Dungeon)
Scrolls
 b - 4 scrolls of enchant weapon
 f - a scroll of fear {unknown}
 h - 2 scrolls of enchant armour {unknown}
 k - a scroll of magic mapping {unknown}
 o - 2 scrolls of blinking {unknown}
 p - 2 scrolls of immolation {unknown}
 q - a scroll of remove curse {@r2}
 s - 3 scrolls of teleportation {@r4}
 y - 2 scrolls of fog {unknown}
 B - a scroll of noise {unknown}
 F - a scroll of amnesia {unknown}
Potions
 c - a potion of heal wounds {unknown}
 g - a potion of invisibility {unknown}
 i - a potion of berserk rage
 j - 2 potions of might {unknown}
 l - 2 potions of stabbing {unknown}
 r - a potion of curing {@q1}
 u - a potion of lignification {!q}
 w - a potion of degeneration {unknown}
 z - a potion of magic
 H - a potion of brilliance
Comestibles
 e - 9 rations {!d}


   Skills:
 + Level 3.3 Fighting
 - Level 2.0 Dodging
 - Level 2.0 Stealth
 + Level 3.7 Spellcasting
 - Level 7.0 Ice Magic


You had 9 spell levels left.
You knew the following spells:

 Your Spells              Type           Power        Failure   Level  Hunger
a - Freeze                Ice            ####         2%          1    None
b - Frozen Ramparts       Ice            ####..       9%          3    ###....

Your spell library contained the following spells:

 Spells                   Type           Power        Failure   Level  Hunger
 Ozocubu's Armour         Chrm/Ice       ###.....     34%         3    ###....
 Animate Skeleton         Necr           N/A          45%         1    None
 Apportation              Tloc           #.....       45%         1    None
 Corona                   Hex            #......      45%         1    None
 Summon Small Mammal      Summ           #...         45%         1    None
 Hailstorm                Conj/Ice       ###.....     75%         4    ####...
 Summon Ice Beast         Ice/Summ       ###.....     75%         4    ####...


Dungeon Overview and Level Annotations

Branches:
Dungeon (5/15)
 Temple: D:4-7

Altars:
Ashenzari
Nemelex Xobeh
Uskayaw
Xom
Yredelemnul

Annotations:
D:5 Menkaure


Message History

You start resting.
Eating one of 13 chunks of flesh.
You eat one of the 13 chunks of flesh.
You start resting.
Some of the chunks of flesh in your inventory have rotted away. x3
Eating one of 3 chunks of flesh.
You eat one of the 3 chunks of flesh.
All of the chunks of flesh in your inventory have rotted away.
As you read the scroll of identify {@r1}, it crumbles to dust.
z - a potion of magic
As you read the scroll of identify {@r1}, it crumbles to dust.
i - a potion of berserk rage
As you read the scroll of identify {@r1}, it crumbles to dust.
u - a potion of lignification
As you read the scroll of identify {@r1}, it crumbles to dust.
H - a potion of brilliance You see here a cursed +0 robe.
Things that are here:
an uncursed mace; 11 arrows
There is an open door here.
s - 3 scrolls of teleportation {@r4} (gained 1) As you open the door, it creaks loudly!
There is an open door here.
Found a stone staircase leading down.
Menkaure, Prince of Dust comes into view.
Menkaure shouts!
Menkaure gestures wildly while chanting.
Menkaure seems to speed up.
The walls around you are covered in ice.
Menkaure resists.
The wall freezes Menkaure.
Menkaure resists.
The wall freezes Menkaure.
Menkaure resists.
The wall freezes Menkaure.
Aim: Menkaure (moderately damaged, fast)
You miscast Freeze.
You are very lightly contaminated with residual magic.
Nothing appears to happen.
Menkaure resists.
The wall freezes Menkaure.
Menkaure hits you.
Aim: Menkaure (moderately damaged, fast) Menkaure resists.
You freeze Menkaure.
Menkaure resists.
The wall freezes Menkaure.
Menkaure calls on the powers of darkness!
Your body is wracked with pain!
* * * LOW HITPOINT WARNING * * *
You hit Menkaure but do no damage.
Menkaure resists.
The wall freezes Menkaure.
Menkaure mumbles drily.
Menkaure calls on the powers of darkness!
Your body is wracked with pain!
* * * LOW HITPOINT WARNING * * *
Aim: Menkaure (severely damaged, fast) Menkaure resists.
You freeze Menkaure.
Menkaure resists.
The wall freezes Menkaure.
Menkaure hits you!!
You die...

#........# ##'##
#........# ##...##
##.......###.....##
#.......##.......#
#.......#.........
#.......'.........
#....####.........
#.#.## ##.......#
#@### ##.....## #M#
##...## #.# #+##
#># #.# #.# #.# .#.
# #


You could see Menkaure (fast).

Vanquished Creatures
  A centaur (D:4)
  An ogre (D:5)
  2 hounds
  2 orc priests (D:3)
  An orc wizard (D:5)
  An iguana (D:4)
  Terence (D:3)
  2 worker ants (D:5)
  3 gnolls (D:3)
  4 adders
  2 oozes
  An adder skeleton (D:4)
  2 worms
  A dart slug (D:2)
  3 leopard geckos
  12 orcs
  5 giant cockroaches
  6 goblins
  5 hobgoblins
  A quokka (D:2)
  2 ball pythons
  4 bats
  5 frilled lizards
  8 kobolds
  A quokka zombie (D:5)
  8 rats
84 creatures vanquished.

Notes
Turn   | Place    | Note
-------+----------+-------------------------------------------
     0 | D:1      | growler the Human Ice Elementalist began the quest for the
                  | Orb.
     0 | D:1      | Reached XP level 1. HP: 13/13 MP: 3/3
   179 | D:1      | Reached XP level 2. HP: 11/19 MP: 0/5
   729 | D:1      | Reached XP level 3. HP: 24/24 MP: 3/6
  1113 | D:1      | Learned a level 3 spell: Frozen Ramparts
  1276 | D:2      | Reached skill level 5 in Ice Magic
  1540 | D:2      | You fall into a shaft and drop 2 floors!
  1545 | D:4      | Reached XP level 4. HP: 30/30 MP: 3/7
  1602 | D:3      | Noticed Terence
  1644 | D:3      | Killed Terence
  2286 | D:2      | Reached XP level 5. HP: 29/35 MP: 8/8
  2358 | D:2      | Reached skill level 6 in Ice Magic
  2550 | D:3      | Found a hide-covered altar of Uskayaw.
  2665 | D:3      | Found a shattered altar of Ashenzari.
  2930 | D:3      | Reached XP level 6. HP: 22/41 MP: 5/9
  3218 | D:3      | Became a worshipper of Ashenzari the Shackled
  3389 | D:3      | Found a faded altar of an unknown god.
  3590 | D:4      | Reached skill level 7 in Ice Magic
  3912 | D:4      | Reached skill level 1 in Fighting
  4235 | D:4      | Found a sparkling altar of Nemelex Xobeh.
  4243 | D:4      | Reached XP level 7. HP: 43/50 MP: 4/11
  4659 | D:3      | Found a shimmering altar of Xom.
  4671 | D:5      | Entered Level 5 of the Dungeon
  5287 | D:5      | Reached * piety under Ashenzari
  5312 | D:5      | Found a basalt altar of Yredelemnul.
  5730 | D:5      | Noticed Menkaure
  5738 | D:5      | Mangled by Menkaure

Illustrated notes

Levels and vault maps discovered:
D:1:      dpeg_arrival_more_subterranean_lakeside_camping, layout_basic
D:2:      layout_basic, serial_glass, glass_columns_c, glass_columns_a
D:3:      lemuel_upstairs_altar, layout_rooms, eat_drink_and_be_merry_uskayaw,
          nicolae_ashenzari_panopticon, nicolae_overflow_hidden_temple,
          chequers_ecumenical_altar_twisty, uniq_terence
D:4:      layout_gridville, nemelex_xobeh_ov_fountains_minmay, first_ration
D:5:      layout_loops_corners, lemuel_coloured_pillars_altar, basic_altar,
          kennysheep_path_1, uniq_eustachio, uniq_duvessa, uniq_menkaure

Skill      XL: |  1  2  3  4  5  6  7 |
---------------+----------------------+-----
Ice Magic      | 5 6 7 |  7.0
Fighting       | 2 3 |  3.3
Spellcasting   | 3 |  3.7
Dodging        | |  2.0
Stealth        | |  2.0

Action                   |  1- 3 |  4- 6 |  7- 9 || total
-------------------------+-------+-------+-------++-------
Melee: Unarmed           |    28 |       |       ||    28
       Morningstar       |       |    69 |    22 ||    91
       Dagger            |       |       |    40 ||    40
 Cast: Freeze            |    36 |    32 |     6 ||    74
       Frozen Ramparts   |     3 |     9 |    12 ||    24
  Use: Scroll            |       |       |     8 ||     8
 Stab: Sleeping          |       |     4 |       ||     4
  Eat: Chunk             |     3 |     9 |     7 ||    19
Armor: Robe              |    20 |    25 |       ||    45
       Ring mail         |       |    21 |    39 ||    60
Dodge: Dodged            |    49 |    68 |    30 ||   147
